 Dungeon Crawl Stone Soup version 0.29-a0-841-g116ddc6ace (webtiles) character file.

Game seed: 12688263884036502530

32 vineage the Trooper (level 3, -1/24 HPs)
             Began as a Gargoyle Fighter on July 14, 2022.
             Slain by a kobold
             ... wielding a +0 short sword
              (4 damage)
             ... on level 1 of the Dungeon.
             The game lasted 00:00:50 (856 turns).

vineage the Trooper (Gargoyle Fighter)               Turns: 856, Time: 00:00:51

Health: -1/24      AC: 11    Str: 21    XL:     3   Next: 27%
Magic:  3/3        EV:  9    Int:  8    God:
Gold:   34         SH:  4    Dex:  9    Spells: 2/2 levels left

rFire   . . .      SeeInvis .   a - +0 flail
rCold   . . .      Faith    .   c - +0 buckler
rNeg    + . .      Spirit   .   b - +0 scale mail
rPois   ∞          Reflect  .   (no helmet)
rElec   +          Harm     .   (no cloak)
rCorr   .          Rampage  .   (no gloves)
Will    .....                   f - +0 pair of boots
Stlth   ..........              (no amulet)
HPRegen 0.08/turn               (no ring)
MPRegen 0.08/turn               (no ring)

@: mighty
A: sickness immunity, AC +3, negative energy resistance 1, electricity
resistance, torment resistance 1, petrification resistance
a: no special abilities


You were on level 1 of the Dungeon.
You visited 1 branch of the dungeon, and saw 1 of its levels.

You collected 34 gold pieces.

Inventory:

Hand Weapons
 a - a +0 flail (weapon)
Armour
 b - a +0 scale mail (worn)
 c - a +0 buckler (worn)
 f - a +0 pair of boots (worn)
Scrolls
 e - a scroll of fear {unknown}
 g - a scroll of blinking {unknown}


   Skills:
 * Level 3.8 Fighting
 * Level 2.6 Maces & Flails
 + Level 3.5 Armour
 + Level 3.5 Shields


You had 2 spell levels left.
You didn't know any spells.
Your spell library was empty.

Dungeon Overview and Level Annotations

Branches:
Dungeon (1/15)

Altars:


Innate Abilities, Weirdness & Mutations

You are immune to sickness and miasma.
Your stone body is resilient. (AC +3)
You are immune to poison.
You resist negative energy. (rN+)
You are resistant to electric shocks. (rElec)
You are resistant to unholy torment.
You are immune to petrification.


Message History

You are frozen.
The goblin attacks as you move away! You block the goblin's attack.
The endoplasm attacks as you move away! You block the endoplasm's attack.
The endoplasm attacks as you move away! You block the endoplasm's attack.
You barely miss the endoplasm. The endoplasm freezes you.
You are frozen.
You hit the endoplasm.
The endoplasm is moderately wounded.
The endoplasm freezes you.
You are frozen.
You barely miss the endoplasm.
The endoplasm is moderately wounded.
The endoplasm freezes you.
You are frozen.
* * * LOW HITPOINT WARNING * * *
The endoplasm freezes you.
You are frozen.
* * * LOW HITPOINT WARNING * * *
Okay, then.
You feel very mighty all of a sudden. The endoplasm closely misses you.
You thump the endoplasm!
You kill the endoplasm!
You barely miss the hobgoblin. The hobgoblin hits you.
* * * LOW HITPOINT WARNING * * *
You hit the hobgoblin.
You kill the hobgoblin!
The goblin hits you but does no damage.
You sock the goblin!
You kill the goblin!
You thump the endoplasm!
You kill the endoplasm!
The kobold throws a stone.
The stone hits you but does no damage.
Things that are here:
a +0 club; a goblin corpse; a hobgoblin corpse You hit the kobold.
The kobold is moderately wounded.
The kobold hits you with a +0 short sword.
You die...

#..#....≈#.# ##..'######.# #
.##. #.......###.# ###. ....
............# #.. .....
##......##### #.. .....
######### #.#...... ......#
#.#...... .....#.#
#########..!....> ....#..#
###....@K..........
...#...###...#.#######......
..#....#...###.## ..##.
##.....#.#......# ...
.#.....#.#......# ...
..#....###......# .#
...#.#.###......#. #
#...#.............
.#.#.#.#.#......#.


You could see a kobold.

Vanquished Creatures
  2 dart slugs (D:1)
  6 endoplasms (D:1)
  3 goblins (D:1)
  2 hobgoblins (D:1)
  4 jackals (D:1)
  A ball python (D:1)
  2 bats (D:1)
  A frilled lizard (D:1)
  3 kobolds (D:1)
24 creatures vanquished.

Notes
Turn   | Place    | Note
-------+----------+-------------------------------------------
     0 | D:1      | vineage the Gargoyle Fighter began the quest for the Orb.
     0 | D:1      | Reached XP level 1. HP: 14/14 MP: 1/1
   161 | D:1      | Reached XP level 2. HP: 4/19 MP: 2/2
   593 | D:1      | Reached XP level 3. HP: 11/24 MP: 3/3
   856 | D:1      | Slain by a kobold

Illustrated notes

Levels and vault maps discovered:
D:1:      matt_arrival_diagonals, layout_rooms,
          hellmonk_ecumenical_altar_leap_of_faith, serial_rivers,
          chequers_serial_rivers_micro_b, chequers_serial_rivers_room_a,
          chequers_serial_rivers_micro_b, chequers_serial_rivers_micro_a,
          serial_shops, nicolae_shop_stone, corexii_hall_statues_t, st_stairs_5,
          minmay_vboxes

Action                   || total
-------------------------++-------
Melee: Flail             ||    63
  Use: Scroll            ||     1
       Potion            ||     1
Armor: Scale mail        ||    41
Dodge: Dodged            ||    38
Block: Buckler           ||    14

Table legend: (Time is in decaauts)
 A = Elapsed time spent in this place.
 B = Non-inter-level travel time spent in this place.
 C = Inter-level travel time spent in this place.
 D = Time resting spent in this place.
 E = Time spent auto-exploring this place.
 F = Levels seen in this place.
 G = Mean time per level.
                   A        B        C        D        E       F      G
               +--------+--------+--------+--------+--------+-----+--------+
         Total |    876 |    867 |      9 |      0 |    716 |   1 |  876.0 |
       Dungeon |    876 |    867 |      9 |      0 |    716 |   1 |  876.0 |
               +--------+--------+--------+--------+--------+-----+--------+

Top non-repeatable levels by time:
     D:1: 876 daAuts
